[Event "Tsaghkadzor Open 2024"]
[Site "Tsaghkadzor"]
[Date "2024.10.03"]
[Round "6.1"]
[White "Nozdrachev, Vladislav"]
[Black "Karthik Venkataraman"]
[Result "0-1"]
[ECO "B33"]
[WhiteElo "2515"]
[BlackElo "2581"]
[Annotator "TA"]
[PlyCount "114"]
[EventDate "2024.09.13"]
[EventType "swiss"]
[EventCountry "ARM"]
[SourceTitle "playchess.com"]
[Source "ChessBase"]
[SourceQuality "1"]
[TimeControl "40/5400+30:1800+30"]

1. e4 c5 2. Nf3 Nc6 3. d4 cxd4 4. Nxd4 Nf6 5. Nc3 e5 6. Ndb5 d6 7. Nd5 Nxd5 8. exd5 Nb8 9. a4 Be7 10. Be2 O-O 11. O-O a6 12. Na3 Bf5 13. Nc4 {[%emt 0:06:53] B33: Sicilian: Pelikan and Sveshnikov Variations.} Nd7 14. a5 Qc7 $5 {[%emt 0:03:49][%mdl 4] Leaves trodden paths.} 15. Be3 Bg6 16. Nb6 $146 ({Predecessor:} 16. Ra3 Rad8 17. Rc3 Qb8 18. b4 Rc8 19. Ra3 Rc7 20. c3 Qc8 21. Qb3 Qe8 22. Raa1 {1-0 Stefanov,D (2252)-Semov,D (2352) BUL-ch54 email 2019}) 16... Rae8 17. Nxd7 Qxd7 18. c4 f5 19. Bb6 f4 20. Bg4 Bf5 21. Bxf5 Qxf5 22. f3 e4 23. fxe4 Qxe4 24. c5 f3 25. Rxf3 dxc5 26. Rxf8+ (26. Bc7 {simplifies} Rxf3 27. Qxf3 Qxf3 28. gxf3 Bd8 29. Bxd8 Rxd8 30. Rd1) 26... Bxf8 27. Bc7 $1 (27. d6 Bxd6 28. g3 (28. Qxd6 $2 Qe3+ 29. Kf1 Rf8+ $19) 28... Qc6 $17) 27... Re7 (27... Qe3+ $15 28. Kh1 Re4) 28. d6 $11 Rd7 29. Qb3+ c4 30. Qh3 Rf7 31. Qc8 (31. Qc3 $11 {keeps the balance.}) 31... Qd4+ $17 32. Kh1 Qxb2 33. Re1 Qe5 34. Rc1 (34. Rxe5 $2 Rf1#) (34. Qxf8+ Kxf8 (34... Rxf8 35. Rc1 Qf4 36. Rg1 c3 37. Bb6 Qxd6 38. h3 c2 39. Be3 Qg3 40. Bd2 Rd8 41. Be1 Qf4 42. g3 Qf3+ 43. Kh2 c1=Q 44. h4 Rd2+ 45. Bxd2 Qxd2+ 46. Kh3 Qdf2 47. Rc1 Q3xg3#) 35. Rg1 c3 36. Bd8 Qxd6 37. Bb6 c2 38. h3 Qa3 39. Kh2 c1=Q (39... c1=R 40. h4 Rxg1 41. Bxg1 Rf1 42. h5 Qxa5 43. g3 Qxh5+ 44. Kg2 Qe2+ 45. Kh3 Rxg1 46. Kh4 h6 47. Kh3 Qh5#) (39... Qd6+ 40. Kh1 Qa3 41. h4 Rf4 42. g3 c1=Q 43. Rxc1 Qxg3 44. Rc8+ Kf7 45. Rc7+ Kf6 46. Rc6+ bxc6 47. Bd8+ Ke6 48. h5 Rf1#) 40. Rxc1 Qxc1 41. h4 Rf1 (41... Qf4+ 42. g3 Qc4 43. h5 Rf1 44. g4 Qf4+ 45. Kh3 Qf3+ 46. Kh4 Rh1+ 47. Kg5 Qf6#) 42. h5 Qg5) 34... Qe3 35. Rg1 Qd3 36. Qxb7 $2 (36. Bb6 $17) 36... Qxd6 $19 ({Less strong is} 36... Bxd6 37. Qc8+ Bf8 38. Be5 $11) 37. Bxd6 Rxb7 38. Bxf8 Kxf8 39. Rc1 c3 40. Kg1 Rc7 41. Rc2 Ke7 42. Kf2 Kd6 43. Ke2 Kd5 44. Kd1 Kc4 45. Re2 Rb7 46. Re6 Rb1+ 47. Kc2 Rb2+ 48. Kc1 Kb5 (48... Rxg2 49. Rxa6 Rxh2 50. Rc6+ Kd4 51. Rd6+ Ke4 52. a6 $19) 49. g3 Rxh2 50. Rb6+ Kxa5 51. Rb7 (51. Rb3 $142) 51... g6 $19 52. Rb3 c2 53. Rb7 h6 54. Rg7 g5 55. Rb7 h5 56. Rg7 g4 57. Rb7 h4 0-1

[Event "Tsaghkadzor Open 2024"]
[Site "Tsaghkadzor"]
[Date "2024.10.03"]
[Round "6.2"]
[White "Audi Ameya"]
[Black "Lysyj, Igor"]
[Result "0-1"]
[ECO "C54"]
[WhiteElo "2413"]
[BlackElo "2589"]
[Annotator "RC"]
[PlyCount "72"]
[EventDate "2024.09.13"]
[EventType "swiss"]
[EventCountry "ARM"]
[SourceTitle "playchess.com"]
[Source "ChessBase"]
[SourceQuality "1"]
[TimeControl "40/5400+30:1800+30"]

1. e4 e5 2. Nf3 Nc6 3. Bc4 Bc5 4. c3 Nf6 5. d3 d6 6. O-O h6 7. Re1 O-O 8. Nbd2 a5 9. h3 a4 10. Bb5 Bd7 11. Nf1 Ne7 12. Bxd7 Nxd7 13. d4 Bb6 14. Qc2 exd4 15. cxd4 d5 16. e5 c5 17. Be3 cxd4 18. Bxd4 Ra6 19. Rad1 Qc7 20. Qb1 Ba5 21. Re2 Rd8 22. b4 axb3 23. Qxb3 Nc5 24. Qb1 Ne6 25. Ne3 Rc6 26. Rb2 Rd7 27. Rb5 Bc3 28. Bb6 Qc8 29. a4 d4 30. Nf5 Nxf5 31. Qxf5 Rc4 32. Qc2 Qc6 33. Ba7 Qa6 34. Bb8 Rxa4 35. Rdb1 Ra1 36. Bd6 Qxb5 0-1

[Event "Tsaghkadzor Open 2024"]
[Site "Tsaghkadzor"]
[Date "2024.10.03"]
[Round "6.3"]
[White "Gabuzyan, Hovhannes"]
[Black "Andriasian, Zaven"]
[Result "1/2-1/2"]
[ECO "C69"]
[WhiteElo "2579"]
[BlackElo "2558"]
[Annotator "TA"]
[PlyCount "66"]
[EventDate "2024.09.13"]
[EventType "swiss"]
[EventCountry "ARM"]
[SourceTitle "playchess.com"]
[Source "ChessBase"]
[SourceQuality "1"]
[TimeControl "40/5400+30:1800+30"]

1. e4 e5 2. Nf3 Nc6 3. Bb5 a6 4. Bxc6 dxc6 5. O-O f6 6. d4 exd4 7. Nxd4 Ne7 8. Be3 Ng6 9. Nd2 Bd6 10. c3 O-O 11. f4 Qe8 {[%emt 0:05:02] The position is equal.} 12. Qf3 f5 (12... Qf7 $11) 13. e5 $14 Be7 14. b4 a5 15. a3 Qf7 16. h3 Ra6 (16... c5 $11 17. bxc5 c6) 17. b5 cxb5 18. Nxb5 Nh4 19. Qe2 Rg6 20. Rf2 Bd7 {[%emt 0:01:01] [#] Strongly threatening ...Bc6.} 21. Kh2 {[%emt 0:15:25] And now g3 would win.} ({But not} 21. Nxc7 Rc8 22. e6 (22. Nb5 $2 Bc6 $19) 22... Bxe6 23. Nxe6 Rxe6 $15 (23... Qxe6 24. Bd4 $15)) 21... Rc6 ({Don't go for} 21... Bc6 $2 22. g3 $18 (22. Nxc7 $2 {loses.} Nxg2 23. Bb6 Bh4 $19)) (21... Nxg2 $11 22. Rxg2 Rxg2+ 23. Qxg2 Bxb5 24. Qxb7 Bd3) 22. a4 Be6 (22... Rd8 $11 {keeps the balance.}) 23. Bd4 (23. Rc1 $16) 23... Ng6 24. Rb1 Bc4 (24... Ra8 $11) 25. Qe3 (25. Nxc4 $16 Qxc4 26. Qc2) 25... Qd5 $11 26. g3 Rd8 $1 27. Qf3 {[%emt 0:03:47] White is weak on the light squares} Qxf3 28. Rxf3 Bd5 {[%emt 0:01:28] A strong pair of Bishops.} 29. Rf2 Nf8 30. Be3 Be6 31. Bd4 Bd5 32. Be3 $1 Be6 33. Bd4 Bd5 {[%emt 0:00:40] Weighted Error Value: White=0.19 (very precise) /Black=0.22 (precise) .  Mistake:       	White=2     	Black=6      Inaccurate:     	White=5     	Black=1      OK:         	White=5     	Black=11     Best:        	White=2     	Black=1      Strong:       	White=1     	Black=1} ({Black should try} 33... Rd7 $15) 1/2-1/2

[Event "Tsaghkadzor Open 2024"]
[Site "Tsaghkadzor"]
[Date "2024.10.03"]
[Round "6.4"]
[White "Lobanov, Sergei"]
[Black "Hakobyan, Erik"]
[Result "1-0"]
[ECO "D35"]
[WhiteElo "2506"]
[BlackElo "2386"]
[Annotator "TA"]
[PlyCount "51"]
[EventDate "2024.09.13"]
[EventType "swiss"]
[EventCountry "ARM"]
[SourceTitle "playchess.com"]
[Source "ChessBase"]
[SourceQuality "1"]
[TimeControl "40/5400+30:1800+30"]

1. d4 Nf6 2. c4 e6 3. Nc3 d5 4. cxd5 exd5 5. Bg5 Bb4 6. e3 h6 7. Bh4 g5 8. Bg3 Ne4 9. a3 Bxc3+ {[%emt 0:00:24] White has an edge.} 10. bxc3 h5 11. f3 Nxg3 12. hxg3 Qd6 13. g4 h4 14. Nh3 Rg8 15. Bd3 Be6 16. Qb3 (16. e4 $14) 16... Qg3+ $2 {[%emt 0:09:16][%mdl 8192] A mistake that costs the game.} (16... Nc6 $11 {and Black stays safe.}) 17. Kf1 $18 b6 {[%emt 0:06:31] [#]} 18. Nf4 $1 Bxg4 (18... gxf4 19. Rh3 $18) 19. Ne2 (19. Nxd5 h3 20. Nf6+ (20. fxg4 $2 {too greedy.} hxg2+ 21. Ke2 gxh1=Q $19) 20... Kf8 21. Qb4+ (21. Nxg4 $2 {loses.} Qxg2+ 22. Ke1 Qxh1+ $19) 21... c5 $18 (21... Kg7 $2 22. Rxh3 $18)) (19. Qxd5 gxf4 20. fxg4 (20. Qxa8 Be6 $17) 20... fxe3 $16) 19... Qd6 20. fxg4 Nd7 21. Rh3 Nf6 22. Bf5 Kf8 23. c4 Re8 {[%emt 0:02:56] White is clearly winning.} 24. cxd5 Kg7 (24... Qxd5 $142 25. Qxd5 Nxd5) 25. Kg1 {[%emt 0:01:46] Nc3 would now be deadly.} Re7 (25... Qxd5 $142 26. Qxd5 Nxd5) 26. Nc3 {[%emt 0:04:01] Weighted Error Value: White=0.16 (very precise) /Black=0.59.  Loses game:     	---       	Black=1      Mistake:       	White=1     	Black=2      Inaccurate:     	---       	Black=1      OK:         	White=11    	Black=7      Best:        	White=1     	---        Brilliant:      	White=1     	---} 1-0

[Event "Tsaghkadzor Open 2024"]
[Site "Tsaghkadzor"]
[Date "2024.10.03"]
[Round "6.5"]
[White "Gharibyan, Mamikon"]
[Black "Davtyan, Arsen"]
[Result "1/2-1/2"]
[ECO "C84"]
[WhiteElo "2472"]
[BlackElo "2377"]
[Annotator "TA"]
[PlyCount "72"]
[EventDate "2024.09.13"]
[EventType "swiss"]
[EventCountry "ARM"]
[SourceTitle "playchess.com"]
[Source "ChessBase"]
[SourceQuality "1"]
[TimeControl "40/5400+30:1800+30"]

1. e4 e5 2. Nf3 Nc6 3. Bb5 a6 4. Ba4 Nf6 5. O-O Be7 6. d3 b5 7. Bb3 d6 8. Bd2 O-O 9. Re1 h6 10. h3 Re8 11. a3 Bf8 12. Nc3 Na5 13. Ba2 c5 14. b4 Nc6 15. Nd5 Rb8 16. c4 Bd7 17. Rb1 Nxd5 18. cxd5 Nd4 19. Nxd4 cxd4 20. f4 exf4 21. Bxf4 Rc8 22. Qf3 (22. Rf1 $11) 22... Qf6 $1 $15 23. Qg3 {[%emt 0:18:22] [#]} g5 $1 24. Rf1 {[%emt 0:04:13] [#]} Qg6 $1 25. Bc1 Bg7 {[%emt 0:01:02] Hoping for ...f5.} 26. Bb2 (26. Qf2 $17) 26... Be5 27. Qf2 Qg7 ({Black should play} 27... g4 $19 28. Bxd4 gxh3 29. Bxe5 Rxe5) 28. Bb3 Rf8 {[%emt 0:01:09] Strongly threatening ...f5.} 29. g4 (29. Rbc1 $11 {keeps the balance.}) 29... Rc7 (29... h5 $1 $17 30. Bd1 hxg4 31. Bxg4 Bxg4 32. hxg4 Qh8) 30. Rbc1 $11 {[%emt 0:01:02] The position is equal.} Rfc8 31. Rxc7 Rxc7 32. Kg2 Rc8 33. Bd1 Rc7 34. Bf3 Rc8 35. Bd1 Rc7 36. Bf3 Rc8 {[%emt 0:00:01] Weighted Error Value: White=0.15 (very precise) /Black=0.15 (very precise) .  Mistake:       	White=3     	Black=2      Inaccurate:     	White=3     	Black=1      OK:         	White=10    	Black=8      Strong:       	---       	Black=3} 1/2-1/2

[Event "Tsaghkadzor Open 2024"]
[Site "Tsaghkadzor"]
[Date "2024.10.03"]
[Round "6.6"]
[White "Davtyan, Artur"]
[Black "Gasparyan, Erik R."]
[Result "1/2-1/2"]
[ECO "C50"]
[WhiteElo "2467"]
[BlackElo "2350"]
[Annotator "RC"]
[PlyCount "77"]
[EventDate "2024.09.13"]
[EventType "swiss"]
[EventCountry "ARM"]
[SourceTitle "playchess.com"]
[Source "ChessBase"]
[SourceQuality "1"]
[TimeControl "40/5400+30:1800+30"]

1. e4 e5 2. Nf3 Nc6 3. Bc4 Bc5 4. O-O Nf6 5. d3 d6 6. a4 a5 7. c3 h6 8. Bb3 O-O 9. Nbd2 Be6 10. Nc4 Ne7 11. Nxa5 Rxa5 12. Bxe6 fxe6 13. b4 Bxb4 14. cxb4 Ra8 15. d4 Nxe4 16. dxe5 d5 17. Nd4 Qd7 18. Ra3 c5 19. bxc5 Nxc5 20. a5 Nf5 21. Nxf5 exf5 22. Be3 Ne6 23. Bb6 d4 24. Qf3 Rf7 25. Rd1 Qb5 26. Re1 Rc8 27. Rb3 Qc6 28. h4 Qxf3 29. Rxf3 Rd7 30. Rxf5 d3 31. Rd1 Nd4 32. Bxd4 Rxd4 33. Rf3 d2 34. Kf1 Rc5 35. e6 Re4 36. Re3 Rxe3 37. fxe3 Rxa5 38. Rxd2 Re5 39. Rd7 1/2-1/2

[Event "Tsaghkadzor Open 2024"]
[Site "Tsaghkadzor"]
[Date "2024.10.03"]
[Round "6.7"]
[White "Yeritsyan, Hayk"]
[Black "Hayrapetyan, Hovik"]
[Result "0-1"]
[ECO "B51"]
[WhiteElo "2229"]
[BlackElo "2464"]
[Annotator "RC"]
[PlyCount "116"]
[EventDate "2024.09.13"]
[EventType "swiss"]
[EventCountry "ARM"]
[SourceTitle "playchess.com"]
[Source "ChessBase"]
[SourceQuality "1"]
[TimeControl "40/5400+30:1800+30"]

1. e4 c5 2. Nf3 d6 3. Bb5+ Nd7 4. O-O a6 5. Be2 Ngf6 6. d3 g6 7. c4 b6 8. Nc3 Bb7 9. Ng5 Bg7 10. f4 O-O 11. f5 b5 12. fxg6 hxg6 13. Qe1 bxc4 14. dxc4 Nh7 15. Nxh7 Kxh7 16. Qh4+ Kg8 17. Nd5 Bxd5 18. exd5 Ne5 19. Bg5 f6 20. Bd2 Kf7 21. Bg4 f5 22. Rxf5+ gxf5 23. Bxf5 Rh8 24. Be6+ Ke8 25. Qg3 Bf6 26. Rf1 Qc7 27. Bg5 Ra7 28. Rf5 Qb8 29. b3 Bxg5 30. Qxg5 Kd8 31. h4 Kc7 32. h5 Qe8 33. h6 Ra8 34. b4 Rh7 35. bxc5 Qg6 36. Rxe5 Qb1+ 37. Kh2 dxe5 38. Qxe5+ Kb7 39. c6+ Kb6 40. Qe3+ Ka5 41. Qa3+ Kb6 42. Qe3+ Ka5 43. c7 Qb4 44. c5 Rah8 45. c8=Q Rxh6+ 46. Qxh6 Qf4+ 47. Kg1 Qd4+ 48. Kf1 Rxh6 49. Qc7+ Kb4 50. Qb8+ Kxc5 51. Qa7+ Kc4 52. Qxa6+ Kb4 53. a3+ Kb3 54. Qb5+ Ka2 55. Qe2+ Kxa3 56. Qf3+ Kb4 57. Qg4 Rf6+ 58. Ke2 Rf4 0-1

[Event "Tsaghkadzor Open 2024"]
[Site "Tsaghkadzor"]
[Date "2024.10.03"]
[Round "6.8"]
[White "Goganov, Aleksey"]
[Black "Gong, Sunle"]
[Result "1/2-1/2"]
[ECO "C42"]
[WhiteElo "2463"]
[BlackElo "2226"]
[Annotator "TA"]
[PlyCount "65"]
[EventDate "2024.09.13"]
[EventType "swiss"]
[EventCountry "ARM"]
[SourceTitle "playchess.com"]
[Source "ChessBase"]
[SourceQuality "1"]
[TimeControl "40/5400+30:1800+30"]

1. e4 e5 2. Nf3 Nf6 3. Nxe5 d6 4. Nf3 Nxe4 5. d4 d5 6. Bd3 Bd6 7. O-O O-O 8. c4 c6 9. Re1 Bf5 10. cxd5 cxd5 11. Nc3 Nxc3 12. bxc3 Bxd3 13. Qxd3 Nd7 14. Qf5 Nb6 15. Ng5 {[%emt 0:00:31][%csl Gg5][%cal Rf5h7] [#]} g6 16. Qh3 {[%emt 0:00:06][%csl Gg5][%cal Rh3h7] White has an edge.} h5 17. g4 {[%emt 0:00:38][%cal Bg2g4,Bg4h5][%mdl 32] The position is equal.} Qd7 {[%emt 0:00:48] And now ...Rfe8 would win.} 18. gxh5 Rfe8 $132 {[%emt 0:00:06][%mdl 2048] Black is not holding back} ({Of course not} 18... Qxh3 19. Nxh3 gxh5 20. Bf4 Bxf4 21. Nxf4 $14) 19. Rxe8+ Rxe8 20. Qxd7 Nxd7 21. hxg6 Re1+ 22. Kg2 fxg6 {[%emt 0:00:36] [#] White must now prevent ...Bf4.} 23. Nf3 Rd1 24. Bb2 Rxa1 25. Bxa1 $11 {[%emt 0:00:03][%mdl 4096] Endgame. KBN-KBN} Nb6 26. Ne1 Kf7 27. Nd3 Ke6 28. h3 Na4 29. Kf3 Kf5 30. Ne1 Bf4 31. Ke2 {[%emt 0:00:11] Prevents Bd2.} a5 32. Nc2 Nb6 33. Bb2 {[%emt 1:10:08] Weighted Error Value: White=0.02 (flawless) /Black=0.02 (flawless) .  OK:         	White=6     	Black=13     Best:        	White=3     	Black=3} 1/2-1/2